 Dungeon Crawl Stone Soup version 0.29-a0-542-g075992c915 (webtiles) character file.

Game seed: 5859714060507265752

4308 Froggeryz the Cleaver (level 10, -7/94 HPs)
             Began as a Deep Dwarf Fighter on June 1, 2022.
             Was a Follower of Makhleb.
             Mangled by a skeletal warrior
             ... wielding a +0 long sword
              (22 damage)
             ... on level 11 of the Dungeon on June 3, 2022.
             The game lasted 00:10:05 (6077 turns).

Froggeryz the Cleaver (Deep Dwarf Fighter)          Turns: 6077, Time: 00:10:06

Health: -7/94      AC:  9    Str: 23    XL:     10   Next: 11%
Magic:  5/5        EV:  9    Int: 10    God:    Makhleb [*.....]
Gold:   543        SH: 11    Dex: 12    Spells: 9/9 levels left

rFire   . . .      SeeInvis .   a - +0 war axe
rCold   . . .      Faith    .   c - +0 buckler
rNeg    . . .      Spirit   .   b - +0 scale mail
rPois   .          Reflect  +   (no helmet)
rElec   .          Harm     .   p - +0 cloak
rCorr   .          Rampage  .   i - +0 pair of gloves
Will    +....                   (no boots)
Stlth   ..........              n - amulet of reflection
HPRegen 0.00/turn               (no ring)
MPRegen 0.09/turn               (no ring)

@: about to teleport
A: damage resistance, heal wounds, sense surroundings 2, no regeneration
a: Heal Wounds, Renounce Religion


You were on level 11 of the Dungeon.
You worshipped Makhleb.
Makhleb was aware of your devotion.
You visited 2 branches of the dungeon, and saw 10 of its levels.

You collected 543 gold pieces.

Inventory:

Hand Weapons
 a - a +0 war axe (weapon)
Missiles
 d - 8 boomerangs
 l - 8 javelins (quivered)
Armour
 b - a +0 scale mail (worn)
 c - a +0 buckler (worn)
 i - a +0 pair of gloves (worn)
 p - a +0 cloak (worn)
Jewellery
 n - an amulet of reflection (around neck)
Wands
 o - a wand of mindburst (3)
 r - a wand of flame (25)
 s - a wand of iceblast (10)
Scrolls
 e - 9 scrolls of teleportation
 h - a scroll of identify
 k - 2 scrolls of amnesia
 m - a scroll of silence {unknown}
 q - 4 scrolls of blinking {unknown}
 t - a scroll of fear
 v - 3 scrolls of magic mapping
 w - a scroll of enchant armour
Potions
 f - 2 potions of brilliance
 g - 4 potions of curing
 j - 3 potions of heal wounds {unknown}
 z - 2 potions of might
 A - a potion of attraction {unknown}


   Skills:
 + Level 7.2 Fighting
 * Level 11.6 Axes
 - Level 3.3 Armour
 + Level 8.7 Shields


You had 9 spell levels left.
You didn't know any spells.
Your spell library contained the following spells:

 Spells                   Type           Power      Damage    Failure   Level
 Sublimation of Blood     Necr           0%         N/A       87%         2
 Conjure Flame            Conj/Fire      0%         6-21      98%         3
 Ignite Poison            Fire/Tmut/Pois 0%         N/A       98%         3
 Petrify                  Tmut/Erth      0%         N/A       100%        4
 Sticky Flame             Conj/Fire      0%         2d3       100%        4
 Irradiate                Conj/Tmut      0%         3d13      100%        5


Dungeon Overview and Level Annotations

Branches:
Dungeon (8/15)             Temple (1/1) D:7
   Lair: D:8-11

Altars:
Ashenzari
Cheibriados
Dithmenos
Elyvilon
Fedhas
Gozag
Hepliaklqana
Kikubaaqudgha
Makhleb
Nemelex Xobeh
Okawaru
Qazlal
Ru
Sif Muna
Trog
Uskayaw
Vehumet
Wu Jian
Xom
Yredelemnul
Zin
The Shining One

Shops:
D:3 [   D:8 :[[=


Innate Abilities, Weirdness & Mutations

You are resistant to damage.
You can heal yourself by infusing magical energy.
You passively map the area around you.
You do not regenerate.


Message History

There is an entrance to Louw Juifest's Book Boutique here.
g - 4 potions of curing (gained 1)
You open the door.
Found Nilanu's Antique Armour Boutique.
There is an open door here.
There is an entrance to Nilanu's Antique Armour Boutique here.
As you open the door, it creaks loudly!
There is an open door here.
Found a stormy altar of Qazlal.
h - a scroll of identify A sourceless malevolence fills the Dungeon...
You fall into a shaft and drop 3 floors!
The shaft crumbles and collapses.
Found a wand of flame (6).
Found a whip.
r - a wand of flame (25) (gained 6 charges)
A skeletal warrior comes into view. It is wielding a +0 long sword.
A skeletal warrior comes into view. It is wielding a +0 long sword.
A skeletal warrior comes into view. It is wielding a +0 scimitar.
The skeletal warrior hits you with a +0 long sword.
You hit the skeletal warrior.
The skeletal warrior is lightly damaged.
You hit the skeletal warrior but do no damage.
The skeletal warrior is lightly damaged.
The skeletal warrior hits you with a +0 long sword!
You are too injured to fight recklessly!
You are too injured to fight recklessly!
You are too injured to fight recklessly!
You are too injured to fight recklessly!
The skeletal warrior attacks as you move away!
The skeletal warrior hits you with a +0 long sword!!
* * * LOW HITPOINT WARNING * * *
As you read the scroll of teleportation, it crumbles to dust.
You feel strangely unstable.
You block the skeletal warrior's attack. x2
The skeletal warrior attacks as you move away!
The skeletal warrior barely misses you.
The skeletal warrior attacks as you move away!
The skeletal warrior hits you with a +0 long sword!!
You die...

* *,, #, #....... * , * #..*
#....... * , #.. #....... **
*, ######..######..)....
............^....... ,, ,,,
, ................... * ,
.... #..#####..#####..## *,
.... #..# #..# #..# .....
#.@# #..# #..#
.....####zz#####..#####..##
,...........................
,
...........................
*
,.......z...............####
* ,.......................#
.......................# *,
.......................# *
,.......................#


You could see 3 skeletal warriors.

Vanquished Creatures
  A two-headed ogre (D:8)
  A troll (D:8)
  Sigmund (D:3)
  A shadow (D:6)
  Eustachio (D:5)
  A wraith (D:8)
  A steam dragon (D:8)
  Duvessa (D:4)
  An orc warrior (D:5)
  2 ice beasts (D:7)
  A black bear (D:5)
  3 sky beasts
  A centaur (D:8)
  3 ogres
  A gnoll sergeant (D:8)
  2 bullfrogs
  2 necrophages
  Dowan (D:4)
  9 killer bees
  2 howler monkeys (D:8)
  7 hounds
  4 orc priests
  A jelly (D:4)
  A gnoll shaman (D:5)
  3 iguanas
  6 orc wizards
  6 gnolls
  8 adders
  2 white imps
  2 ufetubi (D:6)
  4 dart slugs
  26 orcs
  5 endoplasms
  2 giant cockroaches
  17 goblins
  10 hobgoblins
  7 jackals
  9 quokkas
  8 ball pythons
  3 bats
  8 frilled lizards
  5 kobolds
  6 rats
186 creatures vanquished.

Vanquished Creatures (others)
  A plant (D:1)
1 creature vanquished.

Grand Total: 187 creatures vanquished

Notes
Turn   | Place    | Note
-------+----------+-------------------------------------------
     0 | D:1      | Froggeryz the Deep Dwarf Fighter began the quest for the
                  | Orb.
     0 | D:1      | Reached XP level 1. HP: 20/20 MP: 1/1
     0 | D:1      | Upgraded the game from 0.29-a0-521-g59ce8b2d47 to
                  | 0.29-a0-541-gaf1fc19f1b
     0 | D:1      | Upgraded the game from 0.29-a0-541-gaf1fc19f1b to
                  | 0.29-a0-542-g075992c915
   109 | D:1      | Reached XP level 2. HP: 21/27 MP: 2/2
   715 | D:1      | Reached skill level 3 in Axes
  1165 | D:2      | Reached XP level 3. HP: 22/34 MP: 3/3
  1464 | D:3      | Found a faded altar of an unknown god.
  1544 | D:3      | Reached XP level 4. HP: 38/42 MP: 3/3
  1554 | D:3      | Found Innepuym's Armour Shoppe.
  1568 | D:3      | Noticed Sigmund
  1589 | D:3      | Killed Sigmund
  1590 | D:3      | Reached skill level 4 in Axes
  1590 | D:3      | Reached XP level 5. HP: 44/50 MP: 4/4
  1919 | D:3      | Found an ancient bone altar of Kikubaaqudgha.
  1924 | D:3      | Reached skill level 5 in Axes
  2207 | D:3      | Noticed an ogre
  2219 | D:3      | Killed an ogre
  2220 | D:3      | Reached XP level 6. HP: 21/57 MP: 5/5
  2649 | D:4      | Noticed Duvessa
  2650 | D:4      | Noticed Dowan
  2664 | D:4      | Killed Duvessa
  2665 | D:4      | Reached skill level 6 in Axes
  2665 | D:4      | Reached skill level 5 in Shields
  2665 | D:4      | Reached XP level 7. HP: 39/64 MP: 6/6
  2672 | D:4      | Killed Dowan
  3225 | D:5      | Entered Level 5 of the Dungeon
  3337 | D:5      | Reached skill level 7 in Axes
  3417 | D:5      | Found an opulent altar of Gozag.
  3417 | D:5      | Found a shimmering altar of Xom.
  3418 | D:5      | Found a hazy altar of Hepliaklqana.
  3432 | D:5      | Found a snail-covered altar of Cheibriados.
  3552 | D:5      | Reached skill level 5 in Fighting
  3552 | D:5      | Reached XP level 8. HP: 44/74 MP: 6/6
  3855 | D:5      | Noticed Eustachio
  3888 | D:5      | Killed Eustachio
  3889 | D:5      | Reached skill level 8 in Axes
  3976 | D:6      | Found a sacrificial altar of Ru.
  4032 | D:6      | Found a basalt altar of Yredelemnul.
  4104 | D:6      | Reached skill level 9 in Axes
  4394 | D:6      | Found an iron altar of Okawaru.
  4687 | D:7      | Gained mutation: You passively map the area around you.
                  | [Deep Dwarf growth]
  4687 | D:7      | Reached XP level 9. HP: 37/82 MP: 5/5
  4706 | D:7      | Found a glowing silver altar of Zin.
  5060 | D:7      | Found a staircase to the Ecumenical Temple.
  5233 | Temple   | Entered the Ecumenical Temple
  5456 | Temple   | Became a worshipper of Makhleb the Destroyer
  5535 | D:8      | Reached skill level 10 in Axes
  5677 | D:8      | Found Tooraiku's Armour Shoppe.
  5713 | D:8      | Noticed a troll
  5722 | D:8      | Killed a troll
  5752 | D:8      | Reached skill level 11 in Axes
  5752 | D:8      | Noticed a two-headed ogre
  5760 | D:8      | Killed a two-headed ogre
  5761 | D:8      | Reached XP level 10. HP: 30/94 MP: 5/5
  5811 | D:8      | Found an ornate altar of the Wu Jian Council.
  5842 | D:8      | Found Veplu's Jewellery Shoppe.
  5883 | D:8      | Reached * piety under Makhleb
  5912 | D:8      | Found Louw Juifest's Book Boutique.
  5940 | D:8      | Found Nilanu's Antique Armour Boutique.
  5956 | D:8      | Found a stormy altar of Qazlal.
  6039 | D:8      | You fall into a shaft and drop 3 floors!
  6065 | D:11     | Noticed a skeletal warrior
  6066 | D:11     | Noticed a skeletal warrior
  6068 | D:11     | Noticed a skeletal warrior
  6077 | D:11     | Mangled by a skeletal warrior

Illustrated notes

Levels and vault maps discovered:
D:1:      saegor_arrival_simple_c, layout_basic, serial_forest,
          infiniplex_forest_corner_1, infiniplex_forest_zigzag_2,
          infiniplex_forest_straight_3, infiniplex_forest_clump_cross,
          infiniplex_forest_lined_room_3, infiniplex_forest_clump_curved,
          infiniplex_forest_lined_3, infiniplex_forest_clump_C,
          minmay_parallelograms, serial_bayou_lagoon_a, minivault_23,
          minmay_tiny_reverse_x
D:2:      layout_basic
D:3:      layout_loops_ring, lemuel_coloured_pillars_altar,
          nicolae_ecumenical_oubliette, serial_rivers,
          chequers_serial_rivers_small_b, chequers_serial_rivers_small_a,
          chequers_serial_rivers_room_b, chequers_serial_rivers_room_b,
          chequers_serial_rivers_large_a, chequers_serial_rivers_large_b,
          serial_shops, nicolae_shop_statue_plus, minmay_ogre_servants,
          uniq_sigmund
D:4:      layout_loops_cross, hangedman_glass_teeth, uniq_duvessa
D:5:      layout_gridville, nicolae_overflow_quartered_altars,
          minmay_quadrilaterals, uniq_eustachio
D:6:      layout_cave_pools, okawaru_altar_gauntlet_db,
          mainiacjoe_overflow_catwalk_spiral, corexii_corridor_pit
D:7:      layout_loops_ring, kennysheep_little_box, minmay_temple_entry_fiery
D:8:      layout_cave_pools, nicolae_qazlal_eye_of_the_storm, serial_shops,
          shop, nicolae_shop_behind_doors, shop, nicolae_square_shop,
          minmay_ruined_shrine
D:11:     layout_small_grid, dpeg_oklobed_lair
Temple:   minmay_temple_bridge_abc

Skill      XL: |  1  2  3  4  5  6  7  8  9 |
---------------+----------------------------+-----
Axes           | 3 4 5 6 7 9 11 | 11.6
Fighting       | 3 4 5 6 7 |  7.2
Shields        | 4 5 6 7 8 |  8.7
Armour         | |  3.3

Action                   |  1- 3 |  4- 6 |  7- 9 | 10-12 || total
-------------------------+-------+-------+-------+-------++-------
Melee: War axe           |   118 |    96 |   374 |    30 ||   618
Throw: Javelin           |       |       |     4 |       ||     4
 Abil: Heal Wounds       |     1 |     2 |    17 |     2 ||    22
Evoke: Wand              |       |     3 |     7 |       ||    10
  Use: Potion            |       |     5 |       |       ||     5
       Scroll            |       |       |     7 |     1 ||     8
Armor: Scale mail        |    85 |    37 |   185 |     6 ||   313
       Skin              |       |    15 |     3 |       ||    18
Dodge: Dodged            |    61 |    37 |   171 |     9 ||   278
Block: Buckler           |    30 |    32 |   246 |    19 ||   327
       Reflection        |       |       |     1 |       ||     1

Table legend: (Time is in decaauts)
 A = Elapsed time spent in this place.
 B = Non-inter-level travel time spent in this place.
 C = Inter-level travel time spent in this place.
 D = Time resting spent in this place.
 E = Time spent auto-exploring this place.
 F = Levels seen in this place.
 G = Mean time per level.
                   A        B        C        D        E       F      G
               +--------+--------+--------+--------+--------+-----+--------+
         Total |   6256 |   5878 |    378 |    134 |   4135 |  10 |  625.6 |
       Dungeon |   5998 |   5664 |    334 |    134 |   3931 |   9 |  666.4 |
        Temple |    257 |    213 |     44 |      0 |    204 |   1 |  257.0 |
               +--------+--------+--------+--------+--------+-----+--------+

Top non-repeatable levels by time:
     D:1: 1154 daAuts
     D:3: 956 daAuts
     D:4: 838 daAuts
     D:7: 831 daAuts
     D:5: 754 daAuts
     D:6: 548 daAuts
     D:8: 469 daAuts
     D:2: 409 daAuts
  Temple: 257 daAuts
    D:11: 37 daAuts
